TOP OF THE 1ST |
Indian Hills Voodoo batting - Pitching for Monroe Mallards : RHP Mike Morgan
|
Pitching: RHP Mike Morgan
|
|
Batting: RHB Enrique García
|
0-0: Foul Ball, location: 2F 0-1: Foul Ball, location: 2F 0-2: Foul Ball, location: 2F 0-2: Ball 1-2: Foul Ball, location: 2F 1-2: Strikes out looking
|
Batting: RHB Manuel Romero
|
0-0: Ball 1-0: Called Strike 1-1: Called Strike 1-2: Ball 2-2: Strikes out looking
|
Batting: RHB Jon Bush
|
0-0: Ball 1-0: Ball 2-0: Ball 3-0: Called Strike 3-1: Base on Balls
|
Batting: LHB Tomás Gonzáles
|
0-0: Fly out, F8 (Flyball, 8LXD)
|
Top of the 1st over - 0 runs, 0 hits, 0 errors, 1 left on base; Indian Hills 0 - Monroe 0 |
BOTTOM OF THE 1ST |
Monroe Mallards batting - Pitching for Indian Hills Voodoo : LHP Ernesto Carrillo
|
Pitching: LHP Ernesto Carrillo
|
|
Batting: RHB Anselmo Espinoza
|
0-0: Ball 1-0: Ball 2-0: Ball 3-0: Base on Balls
|
Batting: SHB Jerry Vaughn
|
0-0: Ball 1-0: Foul Ball, location: 2F 1-1: Called Strike 1-2: Ball 2-2: Foul Ball, location: 2F 2-2: TRIPLE (Flyball, 9D) Anselmo Espinoza scores
|
Batting: RHB Shannon Watson
|
0-0: Ball 1-0: Foul Ball, location: 2F 1-1: Fly out, F7 (Flyball, 7D) Runner from 3rd tags up, OUT at HOME
|
Batting: LHB José Trindade
|
0-0: Called Strike 0-1: Ball 1-1: Fly out, F2 (Popup, 15S)
|
Bottom of the 1st over - 1 run, 1 hit, 0 errors, 0 left on base; Indian Hills 0 - Monroe 1 |
TOP OF THE 2ND |
Indian Hills Voodoo batting - Pitching for Monroe Mallards : RHP Mike Morgan
|
Batting: LHB Guang Miao
|
0-0: Swinging Strike 0-1: Ball 1-1: Foul Ball, location: 2F 1-2: Ball 2-2: DOUBLE (Flyball, 8LD)
|
Batting: RHB Ramón López
|
0-0: Ball 1-0: Swinging Strike 1-1: Foul Ball, location: 2F 1-2: Foul Ball, location: 2F 1-2: Foul Ball, location: 2F 1-2: Foul Ball, location: 2F 1-2: Fly out, F7 (Flyball, 78D)
|
Batting: RHB Joe Hughes
|
0-0: Ball 1-0: Called Strike 1-1: Fly out, F8 (Flyball, 8LM)
|
Batting: RHB Baptiste Gautier
|
0-0: Ball 1-0: Swinging Strike 1-1: Foul Ball, location: 2F 1-2: Ball 2-2: Ball 3-2: Strikes out swinging
|
Top of the 2nd over - 0 runs, 1 hit, 0 errors, 1 left on base; Indian Hills 0 - Monroe 1 |
BOTTOM OF THE 2ND |
Monroe Mallards batting - Pitching for Indian Hills Voodoo : LHP Ernesto Carrillo
|
Batting: RHB David Leslie
|
0-0: Ball 1-0: Foul Ball, location: 2F 1-1: Swinging Strike 1-2: Ball 2-2: Ball 3-2: Foul Ball, location: 2F 3-2: Fly out, F8 (Flyball, 89M)
|
Batting: RHB Anthony O'Bryan
|
0-0: Ball 1-0: Foul Ball, location: 2F 1-1: Swinging Strike 1-2: Ball 2-2: Strikes out swinging
|
Batting: RHB Jorge Vázquez
|
0-0: Ball 1-0: Called Strike 1-1: Ball 2-1: Ball 3-1: Called Strike 3-2: Base on Balls
|
Batting: RHB Rafael Rivera
|
0-0: Called Strike 0-1: Called Strike 0-2: Fielders Choice at 2nd, 6-4 (Groundball, 6)
|
Bottom of the 2nd over - 0 runs, 0 hits, 0 errors, 1 left on base; Indian Hills 0 - Monroe 1 |
TOP OF THE 3RD |
Indian Hills Voodoo batting - Pitching for Monroe Mallards : RHP Mike Morgan
|
Batting: RHB Tim Wise
|
0-0: Called Strike 0-1: Ball 1-1: Foul Ball, location: 2F 1-2: Fly out, F7 (Flyball, 7LM)
|
Batting: RHB Enrique García
|
0-0: Ball 1-0: Fly out, F9 (Flyball, 89S)
|
Batting: RHB Manuel Romero
|
0-0: Foul Ball, location: 2F 0-1: Ball 1-1: Ground out 4-3 (Groundball, 4MD)
|
Top of the 3rd over - 0 runs, 0 hits, 0 errors, 0 left on base; Indian Hills 0 - Monroe 1 |
BOTTOM OF THE 3RD |
Monroe Mallards batting - Pitching for Indian Hills Voodoo : LHP Ernesto Carrillo
|
Batting: RHB Benito Bo
|
0-0: Ball 1-0: SOLO HOME RUN (Flyball, 7D), Distance : 356 ft
|
Batting: RHB Anselmo Espinoza
|
0-0: Foul Ball, location: 2F 0-1: Foul Ball, location: 2F 0-2: Foul Ball, location: 2F 0-2: Ball 1-2: Ball 2-2: Ball 3-2: SINGLE (Line Drive, 5D)
|
Batting: SHB Jerry Vaughn
|
0-0: Called Strike 0-1: Foul Ball, location: 2F 0-2: Strikes out swinging
|
Batting: RHB Shannon Watson
|
0-0: Ball 1-0: Called Strike 1-1: Ball 2-1: Ball 3-1: Foul Ball, location: 2F 3-2: SINGLE (Line Drive, 8LS) Anselmo Espinoza to second Anselmo Espinoza to third
|
Batting: LHB José Trindade
|
0-0: Ball 1-0: Called Strike 1-1: Ball 2-1: Fly out, F9 (Line Drive, 9) Runner from 3rd tags up, SCORES, no throw
|
Batting: RHB David Leslie
|
0-0: Ball 1-0: Ball 2-0: Ball 3-0: Called Strike 3-1: Base on Balls Shannon Watson to second
|
Batting: RHB Anthony O'Bryan
|
0-0: Called Strike 0-1: Ball 1-1: Foul Ball, location: 2F 1-2: 3-RUN HOME RUN (Flyball, 89XD), Distance : 395 ft
|
Batting: RHB Jorge Vázquez
|
0-0: Ball 1-0: Called Strike 1-1: DOUBLE (Line Drive, 8RD)
|
Pitching: RHP Carlos Delgado
|
|
Batting: RHB Rafael Rivera
|
0-0: Foul Ball, location: 2F 0-1: Fly out, F8 (Flyball, 78M)
|
Bottom of the 3rd over - 5 runs, 5 hits, 0 errors, 1 left on base; Indian Hills 0 - Monroe 6 |
TOP OF THE 4TH |
Indian Hills Voodoo batting - Pitching for Monroe Mallards : RHP Mike Morgan
|
Batting: RHB Jon Bush
|
0-0: Called Strike 0-1: Ball 1-1: Foul Ball, location: 2F 1-2: Strikes out swinging
|
Batting: LHB Tomás Gonzáles
|
0-0: Ball 1-0: Called Strike 1-1: Ball 2-1: Fly out, F3 (Line Drive, 34)
|
Batting: LHB Guang Miao
|
0-0: Called Strike 0-1: Called Strike 0-2: Ball 1-2: Foul Ball, location: 2F 1-2: Ball 2-2: Strikes out swinging
|
Top of the 4th over - 0 runs, 0 hits, 0 errors, 0 left on base; Indian Hills 0 - Monroe 6 |
BOTTOM OF THE 4TH |
Monroe Mallards batting - Pitching for Indian Hills Voodoo : RHP Carlos Delgado
|
Batting: RHB Benito Bo
|
0-0: Called Strike 0-1: Swinging Strike 0-2: Fly out, F7 (Flyball, 78S)
|
Batting: RHB Anselmo Espinoza
|
0-0: Ball 1-0: Ball 2-0: Foul Ball, location: 2F 2-1: Called Strike 2-2: Fly out, F9 (Flyball, 9LMF)
|
Batting: SHB Jerry Vaughn
|
0-0: Fly out, F8 (Flyball, 8RD)
|
Bottom of the 4th over - 0 runs, 0 hits, 0 errors, 0 left on base; Indian Hills 0 - Monroe 6 |
TOP OF THE 5TH |
Indian Hills Voodoo batting - Pitching for Monroe Mallards : RHP Mike Morgan
|
Batting: RHB Ramón López
|
0-0: Ball 1-0: Foul Ball, location: 2F 1-1: SINGLE (Groundball, 4MD)
|
Batting: RHB Joe Hughes
|
0-0: Called Strike 0-1: Called Strike 0-2: Ball Passed Ball! Ramón López to second 1-2: Foul Ball, location: 2F 1-2: Strikes out looking
|
Batting: RHB Baptiste Gautier
|
0-0: Ball 1-0: Foul Ball, location: 2F 1-1: Foul Ball, location: 2F 1-2: DOUBLE (Line Drive, 78D) Ramón López scores
|
Batting: RHB Tim Wise
|
0-0: Called Strike 0-1: Ground out 6-3 (Groundball, 6D)
|
Batting: RHB Enrique García
|
0-0: Called Strike 0-1: DOUBLE (Line Drive, 7LD) Baptiste Gautier scores
|
Batting: RHB Manuel Romero
|
0-0: Ball 1-0: Swinging Strike 1-1: Ball Wild Pitch! Enrique García to third 2-1: Foul Ball, location: 2F 2-2: Strikes out swinging
|
Top of the 5th over - 2 runs, 3 hits, 0 errors, 1 left on base; Indian Hills 2 - Monroe 6 |
BOTTOM OF THE 5TH |
Monroe Mallards batting - Pitching for Indian Hills Voodoo : RHP Carlos Delgado
|
Batting: RHB Shannon Watson
|
0-0: Foul Ball, location: 2F 0-1: Ball 1-1: Foul Ball, location: 2F 1-2: Ground out 6-3 (Groundball, 6)
|
Batting: LHB José Trindade
|
0-0: Ball 1-0: Called Strike 1-1: Ball 2-1: Ball 3-1: Swinging Strike 3-2: Strikes out swinging
|
Batting: RHB David Leslie
|
0-0: Ball 1-0: Fly out, F9 (Flyball, 9S)
|
Bottom of the 5th over - 0 runs, 0 hits, 0 errors, 0 left on base; Indian Hills 2 - Monroe 6 |
TOP OF THE 6TH |
Indian Hills Voodoo batting - Pitching for Monroe Mallards : RHP Mike Morgan
|
Batting: RHB Jon Bush
|
0-0: Swinging Strike 0-1: Ball 1-1: Ground out 6-3 (Groundball, 6M)
|
Batting: LHB Tomás Gonzáles
|
0-0: Ball 1-0: Ball 2-0: Foul Ball, location: 2F 2-1: DOUBLE (Flyball, 89D)
|
Batting: LHB Guang Miao
|
0-0: Foul Ball, location: 2F 0-1: Ball 1-1: Swinging Strike 1-2: Strikes out swinging
|
Batting: RHB Ramón López
|
0-0: Ball 1-0: SINGLE (Line Drive, 89S) Tomás Gonzáles to third Runner from 3rd tries for Home, SAFE, no throw
|
Batting: RHB Joe Hughes
|
0-0: Ball 1-0: Ball 2-0: Foul Ball, location: 2F 2-1: Foul Ball, location: 2F 2-2: Ball 3-2: Base on Balls Ramón López to second
|
Batting: RHB Baptiste Gautier
|
0-0: Ball 1-0: Reached on error, E6 (Groundball, 6) Ramón López to third Joe Hughes to second
|
Pitching: LHP Michael Davis
|
|
Batting: RHB Tim Wise
|
0-0: Foul Ball, location: 2F 0-1: SINGLE (Line Drive, 7S) Ramón López scores Joe Hughes to third Baptiste Gautier to second Runner from 3rd tries for Home, SAFE, no throw
|
Batting: RHB Enrique García
|
0-0: Fly out, F9 (Flyball, 9)
|
Top of the 6th over - 3 runs, 3 hits, 1 error, 2 left on base; Indian Hills 5 - Monroe 6 |
BOTTOM OF THE 6TH |
Monroe Mallards batting - Pitching for Indian Hills Voodoo : RHP Carlos Delgado
|
Batting: RHB Anthony O'Bryan
|
0-0: Ball 1-0: Called Strike 1-1: Called Strike 1-2: Ball 2-2: Ball 3-2: Foul Ball, location: 2F 3-2: Fly out, F8 (Flyball, 8RD)
|
Pitching: RHP Nate Stephens
|
|
Batting: RHB Jorge Vázquez
|
0-0: Called Strike 0-1: Called Strike 0-2: Ball 1-2: Foul Ball, location: 2F 1-2: SINGLE (Line Drive, 89S)
|
Batting: RHB Rafael Rivera
|
0-0: Called Strike 0-1: SINGLE (Popup, 4MD) Jorge Vázquez to second Runner from 2nd tries for 3rd, SAFE, no throw
|
Pinch Runner at 3rd Simon Plante:
|
|
Batting: RHB Benito Bo
|
0-0: Ball Rafael Rivera steals 2nd base 1-0: Ball 2-0: Ball 3-0: Called Strike 3-1: Swinging Strike 3-2: SINGLE (Flyball, 9LS) Simon Plante scores Rafael Rivera to third Runner from 3rd tries for Home, SAFE, no throw
|
Pitching: RHP Zhao-ying Wang
|
|
Batting: RHB Anselmo Espinoza
|
0-0: Ball 1-0: Ball 2-0: Called Strike 2-1: Foul Ball, location: 2F 2-2: Foul Ball, location: 2F 2-2: Ball 3-2: SINGLE (Groundball, 56D) Benito Bo to second Benito Bo to third
|
Batting: SHB Jerry Vaughn
|
0-0: Fly out, F9 (Flyball, 9S) Throwing error, E9 Benito Bo scores Anselmo Espinoza to second
|
Batting: RHB Shannon Watson
|
0-0: Ball 1-0: Foul Ball, location: 2F 1-1: Ball 2-1: SINGLE (Line Drive, 4MD) Anselmo Espinoza to third
|
Batting: LHB José Trindade
|
0-0: Ball 1-0: Swinging Strike 1-1: Ball 2-1: Called Strike 2-2: Strikes out looking
|
Bottom of the 6th over - 3 runs, 5 hits, 1 error, 2 left on base; Indian Hills 5 - Monroe 9 |
TOP OF THE 7TH |
Indian Hills Voodoo batting - Pitching for Monroe Mallards : LHP Michael Davis
|
Now at SS: Simon Plante
|
|
Batting: RHB Manuel Romero
|
0-0: Ball 1-0: Ball 2-0: Foul Ball, location: 2F 2-1: Hit by Pitch
|
Batting: RHB Jon Bush
|
0-0: Foul Ball, location: 2F 0-1: Foul Ball, location: 2F 0-2: Ball 1-2: Foul Ball, location: 2F 1-2: Foul Ball, location: 2F 1-2: Ball 2-2: Foul Ball, location: 2F 2-2: Fly out, F8 (Flyball, 89M)
|
Batting: LHB Tomás Gonzáles
|
0-0: Ball 1-0: Foul Ball, location: 2F 1-1: Ball 2-1: Fly out, F8 (Line Drive, 8LS)
|
Batting: LHB Guang Miao
|
0-0: Called Strike 0-1: Foul Ball, location: 2F 0-2: SINGLE (Line Drive, 8LS) Manuel Romero to second
|
Batting: RHB Ramón López
|
0-0: Called Strike 0-1: Swinging Strike 0-2: Ball 1-2: Strikes out swinging
|
Top of the 7th over - 0 runs, 1 hit, 0 errors, 2 left on base; Indian Hills 5 - Monroe 9 |
BOTTOM OF THE 7TH |
Monroe Mallards batting - Pitching for Indian Hills Voodoo : RHP Zhao-ying Wang
|
Batting: RHB David Leslie
|
0-0: Called Strike 0-1: Ball 1-1: Called Strike 1-2: Ball 2-2: Foul Ball, location: 2F 2-2: Ball 3-2: Base on Balls
|
Batting: RHB Anthony O'Bryan
|
0-0: Bunt - Flyout! F2
|
Batting: RHB Simon Plante
|
0-0: Ball 1-0: Ball 2-0: Swinging Strike 2-1: Grounds into double play, 6-4-3 (Groundball, 56)
|
Bottom of the 7th over - 0 runs, 0 hits, 0 errors, 0 left on base; Indian Hills 5 - Monroe 9 |
TOP OF THE 8TH |
Indian Hills Voodoo batting - Pitching for Monroe Mallards : LHP Michael Davis
|
Batting: RHB Joe Hughes
|
0-0: Ball 1-0: Ball 2-0: Called Strike 2-1: Foul Ball, location: 2F 2-2: Strikes out swinging
|
Batting: RHB Baptiste Gautier
|
0-0: Called Strike 0-1: Ball 1-1: Ball 2-1: Ball 3-1: Base on Balls
|
Batting: RHB Tim Wise
|
0-0: Foul Ball, location: 2F 0-1: Swinging Strike 0-2: Strikes out swinging
|
Batting: RHB Enrique García
|
0-0: Ball 1-0: Swinging Strike 1-1: SINGLE (Groundball, 56) (infield hit) Baptiste Gautier to second
|
Batting: RHB Manuel Romero
|
0-0: Fly out, F9 (Flyball, 9LM)
|
Top of the 8th over - 0 runs, 1 hit, 0 errors, 2 left on base; Indian Hills 5 - Monroe 9 |
BOTTOM OF THE 8TH |
Monroe Mallards batting - Pitching for Indian Hills Voodoo : RHP Zhao-ying Wang
|
Batting: RHB Rafael Rivera
|
0-0: Ball 1-0: Foul Ball, location: 2F 1-1: Foul Ball, location: 2F 1-2: Foul Ball, location: 2F 1-2: Ball 2-2: Foul Ball, location: 2F 2-2: Ground out U3 (Groundball, 34S)
|
Batting: RHB Benito Bo
|
0-0: Ball 1-0: Ball 2-0: Called Strike 2-1: Called Strike 2-2: Foul Ball, location: 2F 2-2: Fly out, F8 (Flyball, 8RD)
|
Batting: RHB Anselmo Espinoza
|
0-0: Called Strike 0-1: Ball 1-1: SINGLE (Line Drive, 7LS)
|
Batting: SHB Jerry Vaughn
|
0-0: Ground out 4-3 (Groundball, 34)
|
Bottom of the 8th over - 0 runs, 1 hit, 0 errors, 1 left on base; Indian Hills 5 - Monroe 9 |
TOP OF THE 9TH |
Indian Hills Voodoo batting - Pitching for Monroe Mallards : LHP Michael Davis
|
Batting: RHB Jon Bush
|
0-0: Called Strike 0-1: Swinging Strike 0-2: Foul Ball, location: 2F 0-2: Fly out, F3 (Popup, 3)
|
Batting: LHB Tomás Gonzáles
|
0-0: Foul Ball, location: 2F 0-1: Ball 1-1: Ground out 1-3 (Groundball, P)
|
Batting: LHB Guang Miao
|
0-0: Ball 1-0: Ball 2-0: SINGLE (Line Drive, 78S)
|
Batting: RHB Ramón López
|
0-0: Called Strike 0-1: Swinging Strike 0-2: Strikes out swinging
|
Top of the 9th over - 0 runs, 1 hit, 0 errors, 1 left on base; Indian Hills 5 - Monroe 9 |
|